 Dungeon Crawl Stone Soup version 0.25-a0-44-g29a1220a87 (webtiles) character file.

Game seed: 14743550799353099899, levelgen mode: deterministic

79 Alarkh the Slasher (level 4, 30/35 HPs)
             Began as a Demonspawn Fighter on Oct 23, 2019.
             Got out of the dungeon alive.
             The game lasted 00:00:54 (767 turns).

Alarkh the Slasher (Demonspawn Fighter)              Turns: 767, Time: 00:00:55

Health: 30/35      AC:  6    Str: 17    XL:     4   Next: 16%
Magic:  4/4        EV:  6    Int: 10    God:
Gold:   41         SH:  8    Dex: 12    Spells: 3/3 levels left

rFire    . . .     SeeInvis .   a - +0 long sword
rCold    . . .     Gourm    .   c - +0 shield
rNeg     . . .     Faith    .   b - +0 scale mail
rPois    .         Spirit   .   (no helmet)
rElec    .         Reflect  .   (no cloak)
rCorr    .         Harm     .   (no gloves)
MR       .....                  (no boots)
Stlth    +.........             (no amulet)
HPRegen  0.11/turn              (no ring)
MPRegen  0.09/turn              (no ring)

@: lightly drained
A: nightstalker 1, spiny 1
a: no special abilities


You escaped.
You were not hungry.

You visited 1 branch of the dungeon, and saw 2 of its levels.

You collected 41 gold pieces.

Inventory:

Hand Weapons
 a - a +0 long sword (weapon)
Armour
 b - a +0 scale mail (worn)
 c - a +0 shield (worn)
Scrolls
 e - a scroll of identify {unknown}
 g - a scroll of amnesia {unknown}
 i - 2 scrolls of remove curse {unknown}
 j - a scroll of teleportation {unknown}
 k - a scroll of magic mapping {unknown}
Potions
 d - a potion of might
 m - a potion of degeneration {unknown}
Comestibles
 f - 3 rations
 h - 2 chunks of flesh


   Skills:
 - Level 3.0(2.5) Fighting
 + Level 4.1(3.6) Long Blades
 - Level 2.6(2.2) Armour
 - Level 2.6(2.2) Shields


You had 3 spell levels left.
You didn't know any spells.
Your spell library was empty.

Dungeon Overview and Level Annotations

Branches:
Dungeon (2/15)

Altars:


Innate Abilities, Weirdness & Mutations

You are slightly more attuned to the shadows.
You are partially covered in sharp spines.


Message History

Things that are here:
a +0 club; a +0 spear; a gnoll corpse You see here a cursed +0 spear.
h - 5 chunks of flesh (gained 1)
You see here a rat skeleton. x2
You see here a bat skeleton.
There is a stone staircase leading up here.
You climb upwards.
There is a stone staircase leading down here.
Unknown command.
Unknown command.
HP restored.
You enter the shallow water.
Moving in this stuff is going to be slow.
You enter the shallow water.
Moving in this stuff is going to be slow.
Some of the chunks of flesh in your inventory have rotted away.
There is a staircase leading out of the dungeon here.
Are you sure you want to leave the Dungeon?
This will make you lose the game!
You have escaped!

......######.≈≈≈≈.###.#.#.≈..#.##
......#.(.......≈...#.#.#.≈..#...
......#########.≈≈≈.#.#.#.≈..#.##
#.....#...........≈...#.#.≈..#...
......#.###.≈≈≈≈≈.≈≈≈.#...≈).###.
...#....#...≈...≈...≈.#.≈≈≈....^.
.#.##.###.≈≈≈.≈.≈≈≈.≈.#.≈.#...##.
##.##.#...≈...≈.....≈...≈.#....÷.
##.##.#.≈≈≈.≈≈≈.@.≈≈≈.≈≈≈.#.#..#.
##..#.#.≈...≈.....≈...≈...#.#..#.
###.#.#.≈.#.≈.≈≈≈.≈.≈≈≈.###......
.##.#.≈≈≈.#.≈...≈...≈...#...#.#..
......≈...#.≈≈≈.≈≈≈≈≈.###.#.#.###
......≈.#.#...≈.......[...#.#.#
...(..≈.#.#.#.≈≈≈.#########...#
......≈.#.#.#...≈.........#..####
...>..≈.#.#.###.≈≈≈≈.######.###..


There were no monsters in sight!

Vanquished Creatures
  3 gnolls (D:2)
  3 oozes (D:1)
  A dart slug (D:1)
  A leopard gecko (D:2)
  5 bats
  A giant cockroach (D:1)
  3 goblins (D:1)
  3 hobgoblins (D:1)
  3 jackals (D:1)
  2 frilled lizards (D:1)
  3 kobolds (D:1)
  8 rats
36 creatures vanquished.

Notes
Turn   | Place    | Note
-------+----------+-------------------------------------------
     0 | D:1      | Alarkh the Demonspawn Fighter began the quest for the Orb.
     0 | D:1      | Reached XP level 1. HP: 18/18 MP: 1/1
    17 | D:1      | Reached skill level 2 in Long Blades
    57 | D:1      | Gained mutation: You are partially covered in sharp spines.
                  | [demonic ancestry]
    57 | D:1      | Reached XP level 2. HP: 15/24 MP: 2/2
   177 | D:1      | Reached skill level 3 in Long Blades
   187 | D:1      | Reached XP level 3. HP: 27/29 MP: 3/3
   679 | D:2      | Gained mutation: You are slightly more attuned to the
                  | shadows. [demonic ancestry]
   679 | D:2      | Reached XP level 4. HP: 20/35 MP: 4/4
   683 | D:2      | Reached skill level 4 in Long Blades
   767 | D:$      | Got out of the dungeon alive.

Levels and vault maps discovered:
D:1:      psy_arrival_radial02, layout_rooms, minivault_5
D:2:      layout_loops_ring, grunt_temple_overflow_open, kennysheep_slug_shrine,
          yredelemnul_altar_generic, grunt_temple_overflow_cloverleaf,
          grunt_ministairs_14, lemuel_statue_altar, uniq_robin

Skill      XL: |  1  2  3  4 |
---------------+-------------+-----
Long Blades    | 2 3 4 |  4.1
Fighting       | |  3.0
Armour         | |  2.6
Shields        | |  2.6

Action                   |  1- 3 |  4- 6 || total
-------------------------+-------+-------++-------
Melee: Long sword        |    89 |     4 ||    93
  Use: Potion            |     1 |       ||     1
Armor: Scale mail        |    46 |     1 ||    47
Dodge: Dodged            |    24 |     1 ||    25
Block: Shield            |    55 |     2 ||    57
       Rpst.: Long sword |     9 |       ||     9

Table legend:
 A = Non-vault XP
 B = Vault XP
 C = Vault XP percentage of total XP
 D = Non-vault monster count
 E = Vault monster count
 F = Vault count percentage of total count
                 A         B        C        D         E       F
            +---------+---------+-------+---------+---------+-------
      Total |     113 |       0 |   0.0 |      36 |       0 |   0.0
            +---------+---------+-------+---------+---------+-------
        D:1 |      60 |       0 |   0.0 |      27 |       0 |   0.0
        D:2 |      53 |       0 |   0.0 |       9 |       0 |   0.0
            +---------+---------+-------+---------+---------+-------
